 Dungeon Crawl Stone Soup version 0.15.2 (webtiles) character file.

4738 magipi the Arsonist (level 10, -10/88 HPs)
             Began as a Hill Orc Fire Elementalist on June 12, 2016.
             Was a Priest of Vehumet.
             Killed by the air
             ... invoked by Gastronok
              (26 damage)
             ... on Level 8 of the Dungeon.
             The game lasted 00:55:05 (8545 turns).

magipi the Arsonist (Hill Orc Fire Elementalist)    Turns: 8545, Time: 00:55:05

HP -10/88        AC 11     Str 13      XL: 10   Next: 46%
MP   9/16        EV  9     Int 16      God: Vehumet [***...]
Gold 170         SH  0     Dex 14      Spells:  4 memorised,  4 levels left

rFire  . . .     SeeInvis .     b - +3 battleaxe (curse)
rCold  . . .     Clarity  .     F - +0 ring mail
rNeg   . . .     rCorr    .     (no shield)
rPois  .         rRot     .     r - +2 helmet
rElec  .         Spirit   .     j - +1 cloak
SustAb .         Warding  .     (no gloves)
rMut   .         Stasis   .     i - +0 pair of boots of Tumaat {Str+1 Dex+3 Int-2}
Gourm  .                        (no amulet)
MR     .....                    (no ring)
                                (no ring)

@: slowed, very slow, not resistant to hostile enchantments, very unstealthy
A: no striking features
a: Renounce Religion


You were on level 8 of the Dungeon.
You worshipped Vehumet.
Vehumet was most pleased with you.
You were very hungry.

You visited 2 branches of the dungeon, and saw 9 of its levels.
You also visited: Bailey.

You collected 590 gold pieces.
You spent 420 gold pieces at shops.

Inventory:

Hand weapons
 a - a +1 dagger of draining
 b - a cursed +3 battleaxe (weapon)
Missiles
 o - 4 poisoned needles
 B - a throwing net (quivered)
Armour
 i - the +0 pair of boots of Tumaat (worn) {Str+1 Dex+3 Int-2}
   (You found it on level 6 of the Dungeon)

   It affects your strength (+1).
   It affects your intelligence (-2).
   It affects your dexterity (+3).
 j - a +1 cloak (worn)
 r - a +2 helmet (worn)
 C - a +0 helmet of see invisible
 F - a +0 ring mail (worn)
Magical devices
 d - a wand of hasting (2)
 h - a wand of digging (12)
 p - a wand of magic darts (8)
 s - a wand of heal wounds (0)
Comestibles
 c - 4 meat rations
 n - 5 bread rations
Scrolls
 e - 8 scrolls of identify
 k - 2 scrolls of blinking
 w - a scroll of summoning {unknown}
 y - a scroll of remove curse
 E - a scroll of magic mapping {unknown}
Jewellery
 l - an uncursed ring of ice
 q - an uncursed amulet of stasis
 t - an uncursed ring of teleportation
Potions
 f - 3 potions of might
 g - a potion of haste
 u - a potion of cancellation
 v - a potion of invisibility
 D - a potion of berserk rage
Books
 m - a book of Flames

   Spells                             Type                      Level
   *Flame Tongue                      Conjuration/Fire             1
   Throw Flame                        Conjuration/Fire             2
   *Conjure Flame                     Conjuration/Fire             3
   Inner Flame                        Hexes/Fire                   3
   *Sticky Flame                      Conjuration/Fire             4
   Fireball                           Conjuration/Fire             5
 x - a book of Conjurations

   Spells                             Type                      Level
   *Magic Dart                        Conjuration                  1
   Searing Ray                        Conjuration                  2
   Dazzling Spray                     Conjuration/Hexes            3
   Fulminant Prism                    Conjuration/Hexes            4
   Iskenderun's Mystic Blast          Conjuration                  4
   Iskenderun's Battlesphere          Conjuration/Charms           5


   Skills:
 + Level 8.0 Fighting
 + Level 8.6 Axes
 - Level 1.5 Dodging
 - Level 1.5 Stealth
 - Level 2.1 Spellcasting
 - Level 8.8 Conjurations
 - Level 8.9 Fire Magic


You had 4 spell levels left.
You knew the following spells:

 Your Spells              Type           Power        Failure   Level  Hunger
a - Magic Dart            Conj           ####         1%          1    #......
b - Conjure Flame         Conj/Fire      ####....     1%          3    ####...
c - Sticky Flame          Conj/Fire      ####....     2%          4    #####..
d - Flame Tongue          Conj/Fire      ####.        1%          1    #......


Dungeon Overview and Level Annotations

Branches:
Dungeon (8/15)             Temple (1/1) D:5
   Lair: D:8-11

Altars:
Ashenzari
Cheibriados
Dithmenos
Elyvilon
Fedhas
Kikubaaqudgha
Makhleb
Nemelex Xobeh
Okawaru
Qazlal
Sif Muna
Trog
Vehumet
Xom
Yredelemnul
Zin
The Shining One

Shops:
D:5 :   D:6 }?}

Annotations:
D:3 yiuf, 1 exclusion
D:4 Blork the orc, Dowan, Duvessa
D:8 Gastronok

Vault maps used:
D:1:      ldierk_walled_garden
D:2:      nemelex_xobeh_ov_fountains_minmay, uniq_jessica
D:3:      kennysheep_generic_room_8, uniq_crazy_yiuf_cottage, uniq_iyjb
D:4:      portal_sewer_entry_b, tgw_sif, uniq_duvessa, uniq_natasha,
          uniq_blork_the_orc
D:5:      hangedman_cross_stitches, temple_statues, first_bread, serial_shops,
          shop
D:6:      serial_shops, nicolae_shop_temple_entry_statues_fountains,
          kennysheep_mini_moat, shop, elyvilon_altar_4
D:7:      serial_park_square1, uniq_joseph, uniq_eustachio
D:8:      enter_bailey_3, uniq_prince_ribbit1, uniq_gastronok, uniq_edmund
Temple:   nicolae_temple_elliptical
Bailey:   bailey_axe_3, bailey


Message History

The kobold is moderately wounded.
The kobold closely misses you. The big kobold hits you with a whip.
Unknown command.
You hit the kobold.
The kobold is almost dead.
You slash the big kobold!
The big kobold is severely wounded.
The kobold hits you but does no damage. The big kobold hits you with a whip!
The kobold barely misses you.
Unknown command.
You closely miss the big kobold.
The big kobold is severely wounded.
You slash the kobold!
You kill the kobold!
Vehumet accepts your kill.
The big kobold hits you but does no damage.
Unknown command.
You hit the big kobold.
The big kobold is almost dead.
You slash the kobold!
You kill the kobold!
Vehumet accepts your kill.
Vehumet is aiding your destructive magics.
The big kobold closely misses you.
The big kobold hits you but does no damage.
You closely miss the big kobold.
The big kobold is almost dead.
You slash the kobold!
You kill the kobold!
Vehumet accepts your kill.
The big kobold hits you but does no damage.
Unknown command.
You hit the kobold.
You kill the kobold!
Vehumet accepts your kill.
You closely miss the big kobold.
The big kobold is almost dead.
The big kobold hits you with a whip.
Unknown command.
You slash the kobold!
You kill the kobold!
Vehumet accepts your kill.
You slash the big kobold!
You kill the big kobold!
Vehumet accepts your kill.
Your Fighting skill increases to level 8!
Casting: Magic Dart
Confirm with . or Enter, or press ? or * to list all spells.
Aiming: Sticky Flame
Press: ? - help, Shift-Dir - straight line, f - Gastronok
Aim: Gastronok wearing a runed hat The sticky flame hits Gastronok.
Gastronok is lightly wounded.
Gastronok is covered in liquid flames!
Gastronok burns!
Unknown command.
You hit Gastronok.
Gastronok is lightly wounded.
Gastronok burns!
Gastronok's eyestalks stretch out, then return to normal size.
You hit Gastronok.
Gastronok is lightly wounded.
Gastronok burns!
Gastronok casts a spell.
Your skin takes on a slight green cast.
You hit Gastronok.
Gastronok is lightly wounded.
Gastronok burns!
Gastronok stops burning.
You slash Gastronok!
Gastronok is moderately wounded.
Gastronok bites you!!
Unknown command.
Casting: Sticky Flame
Confirm with . or Enter, or press ? or * to list all spells.
Aiming: Sticky Flame
Press: ? - help, Shift-Dir - straight line, f/p - Gastronok
Aim: Gastronok wearing a runed hat (moderately wounded)
The sticky flame hits Gastronok.
Gastronok is moderately wounded.
Gastronok is covered in liquid flames!
You are feeling very hungry.
Gastronok burns!
Gastronok bites you!
Unknown command.
You slash Gastronok!
Gastronok is moderately wounded.
Gastronok burns!
You slash Gastronok!
Gastronok is heavily wounded.
Gastronok burns!
Gastronok looks at you while chanting.
You feel yourself slow down.
Unknown command.
You slash Gastronok!
Gastronok is heavily wounded.
Gastronok burns! x2
Gastronok bites you!!
* * * LOW HITPOINT WARNING * * *
Gastronok burns!
Gastronok waves his eye-stalks in wide circles.
The air twists around and strikes you!
You die...

##. ##.. .####...# #
....## #.. ........###
....wK##.# .... #.#..
......r...# #..# #....
#KK# #..# #.... ##.##
##.###.... #.
##w#####...##....
#..###.)(...........##
#..<@###....###.##..#
##.### #..### #.####.
# #.## ### # ###


You could see Gastronok (burning).

Table legend:
 A = Kills in this place as a percentage of kills in entire the game.
 B = Kills by you in this place as a percentage of kills by you in the entire game.
 C = Kills by friends in this place as a percentage of kills by friends in the entire game.
 D = Other kills in this place as a percentage of other kills in the entire game.
 E = Experience gained in this place as a percentage of experience gained in the entire game.
 F = Experience gained in this place divided by the number of levels of this place that you have seen.
                   A       B       C       D       E      F
               +-------+-------+-------+-------+-------+----------------------
         Total | 100.0 | 100.0 |  -nan |  -nan | 100.0 | 676.9
       Dungeon |  94.0 |  94.0 |  -nan |  -nan |  93.8 | 793.5
        Bailey |   6.0 |   6.0 |  -nan |  -nan |   6.2 | 421.0
               +-------+-------+-------+-------+-------+----------------------

Vanquished Creatures
  Joseph (D:7)
  Prince Ribbit (D:8)
  A wyvern (D:8)
  Eustachio (D:7)
  A hill giant skeleton (D:8)
  Edmund (D:8)
  4 orc warriors
  2 ice beasts
  3 phantoms
  A sky beast (D:7)
  A black bear (D:7)
  2 ogres
  3 necrophages
  3 centaurs
  3 big kobolds
  5 giant frogs
  4 scorpions
  A yak zombie (D:8)
  8 wights
  2 orc priests
  A crimson imp (D:8)
  A giant frog zombie (D:8)
  A goliath beetle (D:6)
  A hound (D:5)
  10 worker ants
  An iguana (D:7)
  4 orc wizards
  Ijyb (D:3)
  Jessica (D:2)
  An ogre skeleton (D:6)
  A big kobold skeleton (D:8)
  A hound skeleton (D:5)
  7 adders
  5 gnolls
  A scorpion zombie (D:6)
  2 shadow imps
  2 giant mites
  3 worms
  An orc skeleton (D:7)
  9 giant geckos
  14 orcs
  2 ball pythons (D:4)
  12 bats
  5 giant cockroaches
  13 goblins
  21 hobgoblins
  5 quokkas
  6 giant newts
  A giant spore (D:7)
  2 hobgoblin zombies (D:5)
  3 jackals (D:3)
  42 kobolds
  19 rats
  A rat skeleton (D:8)
  11 ballistomycetes (D:7)
259 creatures vanquished.

Vanquished Creatures (others)
  A ball python (D:6)
  A hobgoblin (D:6)
  A giant spore (D:7)
  5 toadstools (D:1)
8 creatures vanquished.

Grand Total: 267 creatures vanquished

Notes
Turn   | Place    | Note
--------------------------------------------------------------
     0 | D:1      | magipi, the Hill Orc Fire Elementalist, began the quest for the Orb.
     0 | D:1      | Reached XP level 1. HP: 14/14 MP: 2/2
   217 | D:1      | Reached XP level 2. HP: 20/20 MP: 1/3
   577 | D:2      | Reached XP level 3. HP: 22/26 MP: 6/6
   848 | D:2      | Noticed Jessica
   859 | D:2      | Killed Jessica
   859 | D:2      | Reached skill level 4 in Fire Magic
   957 | D:2      | Reached XP level 4. HP: 33/33 MP: 7/7
   986 | D:2      | Learned a level 3 spell: Conjure Flame
  1001 | D:2      | Found a sparkling altar of Nemelex Xobeh.
  1474 | D:3      | Reached XP level 5. HP: 27/38 MP: 1/9
  1965 | D:3      | Noticed Ijyb
  1988 | D:3      | Killed Ijyb
  2015 | D:3      | Reached skill level 5 in Fire Magic
  2223 | D:3      | Learned a level 4 spell: Sticky Flame
  2638 | D:4      | Noticed Blork the orc
  2648 | D:4      | Reached XP level 6. HP: 37/45 MP: 4/10
  2726 | D:4      | Noticed Duvessa
  2864 | D:5      | Entered Level 5 of the Dungeon
  2988 | D:5      | Reached skill level 5 in Conjurations
  3092 | D:4      | Reached XP level 7. HP: 50/50 MP: 8/12
  3100 | D:4      | Noticed Dowan
  3121 | D:5      | Reached skill level 6 in Fire Magic
  3726 | D:5      | Reached XP level 8. HP: 50/57 MP: 7/13
  3967 | D:5      | Found Wyxa's Book Shoppe.
  4010 | D:5      | Reached skill level 7 in Conjurations
  4137 | D:5      | Found a staircase to the Ecumenical Temple.
  4155 | Temple   | Entered the Ecumenical Temple
  4183 | Temple   | Became a worshipper of Vehumet
  4387 | D:6      | Got a pair of bloodstained boots
  4399 | D:6      | Identified the cursed +0 pair of boots of Tumaat {Str+1 Dex+3 Int-2} (You found it on level 6 of the Dungeon)
  5155 | D:6      | Reached skill level 8 in Fire Magic
  5182 | D:6      | Found Jualynag's Gadget Boutique.
  5189 | D:6      | Bought a wand of hasting (2) for 396 gold pieces
  5285 | D:6      | Found Nevvan's Magic Scroll Shoppe.
  5288 | D:6      | Bought a scroll of identify for 24 gold pieces
  5388 | D:6      | Reached XP level 9. HP: 30/62 MP: 2/15
  5601 | D:6      | Found a white marble altar of Elyvilon.
  5682 | D:6      | Found Waownyka's Gadget Shoppe.
  5693 | D:6      | Learned a level 1 spell: Magic Dart
  6010 | D:6      | Acquired Vehumet's first power
  6010 | D:6      | Offered knowledge of Sting by Vehumet.
  6111 | D:7      | Reached skill level 1 in Fighting
  6111 | D:7      | Reached skill level 1 in Axes
  6148 | D:7      | Noticed Joseph
  6166 | D:7      | Killed Joseph
  6292 | D:7      | Noticed Eustachio
  6330 | D:7      | Killed Eustachio
  6573 | D:7      | Reached skill level 5 in Axes
  6822 | D:7      | Reached skill level 5 in Fighting
  7471 | D:8      | Offered knowledge of Sandblast by Vehumet.
  7477 | D:8      | Reached XP level 10. HP: 76/83 MP: 1/16
  7680 | D:8      | Noticed Prince Ribbit
  7687 | D:8      | Killed Prince Ribbit
  7742 | D:8      | Noticed Edmund
  7747 | D:8      | Killed Edmund
  7822 | D:8      | Found a flagged portal.
  7831 | Bailey   | Entered a bailey
  8048 | Bailey   | Found a burning altar of Makhleb.
  8192 | D:8      | Offered knowledge of Mephitic Cloud by Vehumet.
  8520 | D:8      | Noticed Gastronok
  8531 | D:8      | Acquired Vehumet's second power
  8545 | D:8      | Killed from afar by Gastronok

Action                   |  1- 3 |  4- 6 |  7- 9 | 10-12 || total
-------------------------+-------+-------+-------+-------++-------
Melee: Unarmed           |     6 |       |       |       ||     6
       Dagger            |    45 |   120 |   312 |       ||   477
       Battleaxe         |       |       |   123 |   113 ||   236
 Cast: Flame Tongue      |    24 |    74 |    33 |       ||   131
       Sticky Flame      |       |     2 |    49 |    13 ||    64
       Conjure Flame     |       |       |     1 |     3 ||     4
       Magic Dart        |       |       |     8 |     8 ||    16
Evoke: Wand              |       |       |     8 |       ||     8
  Use: Scroll            |       |     8 |    11 |     1 ||    20
       Potion            |       |       |       |     1 ||     1
 Stab: Sleeping          |       |     1 |     2 |       ||     3
       Distracted        |       |       |       |     1 ||     1
  Eat: Chunk             |     1 |     7 |     8 |     5 ||    21
       Royal jelly       |       |     1 |     1 |       ||     2
       Beef jerky        |       |       |     3 |     1 ||     4
       Bread ration      |       |       |     2 |       ||     2
       Fruit             |       |       |     2 |       ||     2
       Pizza             |       |       |     1 |       ||     1

Action                   |  1- 3 |  4- 6 |  7- 9 | 10-12 || total
-------------------------+-------+-------+-------+-------++-------
Melee: Unarmed           |     6 |       |       |       ||     6
       Dagger            |    45 |   120 |   312 |       ||   477
       Battleaxe         |       |       |   123 |   113 ||   236
 Cast: Flame Tongue      |    24 |    74 |    33 |       ||   131
       Sticky Flame      |       |     2 |    49 |    13 ||    64
       Conjure Flame     |       |       |     1 |     3 ||     4
       Magic Dart        |       |       |     8 |     8 ||    16
Evoke: Wand              |       |       |     8 |       ||     8
  Use: Scroll            |       |     8 |    11 |     1 ||    20
       Potion            |       |       |       |     1 ||     1
 Stab: Sleeping          |       |     1 |     2 |       ||     3
       Distracted        |       |       |       |     1 ||     1
  Eat: Chunk             |     1 |     7 |     8 |     5 ||    21
       Royal jelly       |       |     1 |     1 |       ||     2
       Beef jerky        |       |       |     3 |     1 ||     4
       Bread ration      |       |       |     2 |       ||     2
       Fruit             |       |       |     2 |       ||     2
       Pizza             |       |       |     1 |       ||     1

Action                   |  1- 3 |  4- 6 |  7- 9 | 10-12 || total
-------------------------+-------+-------+-------+-------++-------
Melee: Unarmed           |     6 |       |       |       ||     6
       Dagger            |    45 |   120 |   312 |       ||   477
       Battleaxe         |       |       |   123 |   113 ||   236
 Cast: Flame Tongue      |    24 |    74 |    33 |       ||   131
       Sticky Flame      |       |     2 |    49 |    13 ||    64
       Conjure Flame     |       |       |     1 |     3 ||     4
       Magic Dart        |       |       |     8 |     8 ||    16
Evoke: Wand              |       |       |     8 |       ||     8
  Use: Scroll            |       |     8 |    11 |     1 ||    20
       Potion            |       |       |       |     1 ||     1
 Stab: Sleeping          |       |     1 |     2 |       ||     3
       Distracted        |       |       |       |     1 ||     1
  Eat: Chunk             |     1 |     7 |     8 |     5 ||    21
       Royal jelly       |       |     1 |     1 |       ||     2
       Beef jerky        |       |       |     3 |     1 ||     4
       Bread ration      |       |       |     2 |       ||     2
       Fruit             |       |       |     2 |       ||     2
       Pizza             |       |       |     1 |       ||     1
